 Dungeon Crawl Stone Soup version 0.19.4-8-ga85b6b9 (webtiles) character file.

37713 JNO the Covert (level 14, 0/109 HPs)
             Began as a Human Hunter on Feb 10, 2017.
             Was an Elder of Elyvilon (penitent).
             Killed from afar by a steam dragon (2 damage)
             ... with a ball of steam
             ... on level 10 of the Dungeon on Feb 12, 2017.
             The game lasted 02:57:58 (27141 turns).

JNO the Covert (Human Hunter)                      Turns: 27141, Time: 02:57:59

Health: 0/109      AC: 20    Str: 17    XL:     14   Next: 30%
Magic:  19/19      EV:  8    Int: 12    God:    Elyvilon [*]
Gold:   963        SH:  0    Dex: 14    Spells: 0 memorised, 13 levels left

rFire  + . .     SeeInvis .     b - +3 flail
rCold  + . .     Gourm    .     c - +5 chain mail
rNeg   . . .     Faith    +     (no shield)
rPois  .         Spirit   .     T - +1 hat of Listlessness {rElec rF+ rC+}
rElec  +         Reflect  .     P - +0 cloak
rCorr  +         Harm     .     (no gloves)
MR     +....                    u - +0 pair of boots
Stlth  ++........               D - amulet of faith
                                R - +3 ring of slaying
                                X - ring of resist corrosion

@: very slightly contaminated, invisible
A: no striking features
a: Renounce Religion


You were on level 10 of the Dungeon.
You worshipped Elyvilon.
Elyvilon was demanding penance.
You were not hungry.

You visited 4 branches of the dungeon, and saw 17 of its levels.
You also visited: Sewer.

You collected 1107 gold pieces.
You spent 144 gold pieces at shops.

Inventory:

Hand Weapons
 a - a +4 hand crossbow
 b - a +3 flail (weapon)
 o - a +2 mace of venom
Missiles
 k - 5 bolts
Armour
 c - a +5 chain mail (worn)
 u - a +0 pair of boots (worn)
 P - a +0 cloak (worn)
 T - the +1 hat of Listlessness (worn) {rElec rF+ rC+}
   (You found it on level 10 of the Dungeon)

   It protects you from fire.
   It protects you from cold.
   It insulates you from electricity.
Jewellery
 e - an uncursed ring of ice
 x - an uncursed ring of flight
 D - an amulet of faith (around neck)
 I - an uncursed ring of fire
 R - a +3 ring of slaying (right hand)
 X - a ring of resist corrosion (left hand)
Wands
 d - a wand of enslavement (6/24)
 g - a wand of slowing (4/48)
 h - a wand of paralysis (10/24)
 i - a wand of flame (25/48)
 M - a wand of random effects (9/48)
 N - a wand of lightning (0/15)
 Q - a wand of confusion (10/48)
Scrolls
 m - a scroll of magic mapping
 n - 4 scrolls of recharging
 w - 2 scrolls of identify
 y - a scroll of immolation {unknown}
 G - a scroll of torment {unknown}
 H - 2 scrolls of blinking {unknown}
 L - 5 scrolls of remove curse
 V - a scroll of summoning {unknown}
Potions
 s - a potion of mutation {unknown}
 v - 2 potions of lignification
 A - 4 potions of flight
 C - 2 potions of brilliance
 E - 2 potions of cure mutation
 J - a potion of beneficial mutation {unknown}
 K - a potion of resistance
Miscellaneous
 r - a lamp of fire
 O - a disc of storms
 S - a crystal ball of energy
Comestibles
 f - 5 bread rations
 j - 10 meat rations
 p - 3 fruits
 U - 2 beef jerkies


   Skills:
 + Level 9.7 Fighting
 + Level 7.6 Maces & Flails
 - Level 11.0 Crossbows
 - Level 10.5 Armour
 - Level 2.0 Dodging
 - Level 12.1 Stealth
 - Level 7.3 Invocations
 + Level 6.4 Evocations


You had 13 spell levels left.
You didn't know any spells.

Dungeon Overview and Level Annotations

Branches:
Dungeon (10/15)            Temple (1/1) D:4            Lair (5/6) D:9
 Shoals (0/4) Lair:2        Snake (0/4) Lair:4          Orc (1/2) D:10
  Slime: Lair:5-6

Altars:
Dithmenos
Elyvilon
Gozag
Trog

Shops:
D:6 }

Annotations:
D:9 exclusion: 3 downstairs


Message History

The orc knight hits you with a great mace.
* * * LOW HITPOINT WARNING * * *
Wield which item (- for none, * to show all)? (? for menu, Esc to quit)
Your +2 mace of venom stops dripping with poison.
b - a +3 flail (weapon)
The orc knight hits you with a great mace!!
* * * LOW HITPOINT WARNING * * *
Unknown command.
Okay, then.
Okay, then.
Evoke which item? (* to show all) (? for menu, Esc to quit)
Okay, then.
Okay, then.
Press: ? - help, v - describe, . - travel
Here: a steam dragon The floor.
You fade into invisibility!
You feel a little less agile now. The steam dragon breathes steam at you.
The ball of steam hits you! You resist.
You die...

####### ####
#####.....# #[>#
..........# ##)##
.......#..# #..#
.....##...#######.##
....#.#...D...ยงยง..#
..##.#...#######@##
.#.##..).# #o#
#.#.#....# ##(#
##.#.....# #.(#
.##......# ##(##
.........# #..#
.........# ##.##
.##......# #..#
##.#.....## #.##


You could see an orc knight.

Vanquished Creatures
  Fannar (Lair:1)
  5 hydras
  The ghost of North the Carver, a journeyman FoFi of Okawaru (D:10)
  A queen ant (Lair:3)
  The ghost of vatarom the Blocker, a novice FoFi of Yredelemnul (D:7)
  A hill giant (D:10)
  A deep elf mage (D:10)
  3 black mambas
  3 elephants (Lair:4)
  10 spiny frogs
  6 komodo dragons
  A troll (D:10)
  5 dream sheep (Lair:4)
  6 blink frogs
  7 hippogriffs
  29 yaks
  2 wyverns
  A steam dragon (D:10)
  3 basilisks
  Eustachio (D:5)
  A hungry ghost (D:9)
  A warg (D:10)
  5 soldier ants (Lair:3)
  15 water moccasins
  15 porcupines
  A swamp drake (D:10)
  4 orc warriors
  3 black bears
  A sky beast (D:5)
  3 ogres
  10 wolves
  7 crocodiles
  A centaur (D:8)
  Blork the orc (D:4)
  3 big kobolds
  12 bullfrogs
  4 scorpions
  11 killer bees
  9 wights
  3 electric eels (Lair:4)
  5 howler monkeys
  6 crimson imps
  A quasit (D:10)
  3 hounds
  A bullfrog zombie (D:10)
  6 orc priests
  4 centaur skeletons
  A jelly (D:10)
  2 centaur zombies
  7 orc wizards
  An iron imp (D:10)
  Jessica (D:2)
  2 iguanas
  Terence (D:3)
  Natasha (thrice) (D:4 D:7)
  15 worker ants
  3 hound skeletons
  3 worker ant zombies
  13 gnolls
  A howler monkey skeleton (D:8)
  A river rat (Sewer)
  18 adders
  A shadow imp (D:7)
  A white imp (D:10)
  2 oozes
  An adder zombie (D:5)
  An adder skeleton (D:8)
  3 worms
  A dart slug (D:3)
  11 leopard geckos
  48 orcs
  13 giant cockroaches
  7 goblins
  9 hobgoblins
  22 jackals
  19 kobolds
  4 quokkas
  4 ball pythons
  7 bats
  2 frilled lizards (D:1)
  A quokka skeleton (D:9)
  7 rats
  A fungus (Lair:3)
  2 plants
463 creatures vanquished.

Vanquished Creatures (collateral kills)
  A wyvern (D:9)
  A yak (Lair:2)
  A hungry ghost (D:7)
  2 killer bees (D:7)
  A gnoll (D:7)
  An orc (D:6)
  A quokka (D:7)
8 creatures vanquished.

Vanquished Creatures (others)
  A yak (Lair:3)
  2 killer bees
  An ogre (D:10)
  2 orc wizards
  A shadow imp (D:10)
  A worm (D:4)
  4 orcs
  A kobold (D:10)
  A quokka (D:8)
  4 fungi
  12 plants
30 creatures vanquished.

Grand Total: 501 creatures vanquished

Notes
Turn   | Place    | Note
-------+----------+-------------------------------------------
     0 | D:1      | JNO the Human Hunter began the quest for the Orb.
     0 | D:1      | Reached XP level 1. HP: 16/16 MP: 1/1
   220 | D:1      | Reached XP level 2. HP: 17/22 MP: 2/2
   620 | D:1      | Reached skill level 1 in Armour
   808 | D:1      | Reached XP level 3. HP: 21/28 MP: 3/3
  1348 | D:2      | Reached XP level 4. HP: 25/34 MP: 4/4
  1434 | D:2      | Found a white marble altar of Elyvilon.
  1442 | D:2      | Reached skill level 2 in Stealth
  1572 | D:2      | Found an opulent altar of Gozag.
  1787 | D:2      | Noticed Jessica
  1798 | D:2      | Killed Jessica
  1798 | D:2      | Reached XP level 5. HP: 40/40 MP: 5/5
  1959 | D:2      | Found a bloodstained altar of Trog.
  3176 | D:3      | Reached skill level 5 in Crossbows
  3176 | D:3      | Reached XP level 6. HP: 31/47 MP: 6/6
  3564 | D:3      | Found a shadowy altar of Dithmenos.
  3584 | D:3      | Reached skill level 3 in Stealth
  3659 | D:3      | Reached skill level 1 in Maces & Flails
  3737 | D:3      | Noticed Terence
  3742 | D:3      | Killed Terence
  4011 | D:4      | Noticed Natasha
  4015 | D:4      | Killed Natasha
  4077 | D:4      | Found a glowing drain.
  4112 | D:4      | Noticed Blork the orc
  4124 | D:4      | Killed Blork the orc
  4124 | D:4      | Reached XP level 7. HP: 48/52 MP: 7/7
  4173 | Sewer    | Entered a sewer
  4393 | Sewer    | Found a white marble altar of Elyvilon.
  4404 | Sewer    | Became a worshipper of Elyvilon the Healer
  5293 | D:4      | Reached skill level 4 in Stealth
  5436 | D:4      | Identified Nipn's Reference Book on Feathers and the Rocks
  5464 | D:4      | Reached * piety under Elyvilon
  5562 | D:4      | Found a staircase to the Ecumenical Temple.
  5571 | Temple   | Entered the Ecumenical Temple
  5870 | D:5      | Entered Level 5 of the Dungeon
  6074 | D:5      | Reached skill level 1 in Invocations
  6074 | D:5      | Reached XP level 8. HP: 58/60 MP: 8/8
  6241 | D:5      | Noticed Eustachio
  6255 | D:5      | Killed Eustachio
  6265 | D:5      | Reached ** piety under Elyvilon
  7157 | D:6      | Found Qoinnuu's Gadget Shoppe.
  7166 | D:6      | Bought a wand of enslavement (10/24) for 144 gold pieces
  7221 | D:6      | Reached skill level 5 in Stealth
  7436 | D:6      | Reached XP level 9. HP: 67/67 MP: 9/11
  7523 | D:6      | Reached skill level 1 in Evocations
  7557 | D:6      | Reached skill level 5 in Fighting
  7723 | D:6      | Reached *** piety under Elyvilon
  7951 | D:6      | Elyvilon protects you from harm!
  8285 | D:6      | Was placed under penance by Elyvilon
  8675 | D:7      | Noticed Natasha
  8750 | D:7      | Killed Natasha
  8821 | D:7      | Was forgiven by Elyvilon
  8871 | D:7      | Noticed Natasha
  8874 | D:7      | Killed Natasha
  8889 | D:7      | Reached skill level 5 in Armour
  9053 | D:7      | Noticed a hippogriff
  9058 | D:7      | Killed a hippogriff
  9223 | D:7      | Noticed vatarom's ghost (novice FoFi)
  9234 | D:7      | Killed vatarom's ghost
  9234 | D:7      | Reached XP level 10. HP: 48/76 MP: 13/13
  9386 | D:7      | Reached skill level 6 in Stealth
  9755 | D:7      | Reached skill level 5 in Invocations
 10662 | D:8      | Reached **** piety under Elyvilon
 10690 | D:8      | Reached skill level 5 in Maces & Flails
 12223 | D:9      | Found a staircase to the Lair.
 12224 | D:9      | Noticed a komodo dragon
 12265 | D:9      | Elyvilon protects you from harm!
 12267 | D:9      | Elyvilon protects you from harm!
 12268 | D:9      | Was placed under penance by Elyvilon
 12578 | D:9      | Reached skill level 10 in Crossbows
 12578 | D:9      | Reached skill level 9 in Stealth
 12578 | D:9      | Reached XP level 11. HP: 83/83 MP: 15/15
 12618 | D:9      | Reached skill level 10 in Stealth
 12760 | D:9      | Was forgiven by Elyvilon
 13172 | Lair:1   | Entered Level 1 of the Lair of Beasts
 13497 | Lair:1   | Reached XP level 12. HP: 52/89 MP: 16/16
 13536 | Lair:1   | Noticed Fannar
 13593 | Lair:1   | Killed Fannar
 13925 | Lair:1   | Reached skill level 5 in Evocations
 15090 | Lair:1   | Elyvilon protects you from harm!
 15091 | Lair:1   | HP: 4/91 [spiny frog (8)]
 15093 | Lair:1   | Elyvilon protects you from harm!
 15094 | Lair:1   | Elyvilon protects you from harm!
 15096 | Lair:1   | Was placed under penance by Elyvilon
 15609 | Lair:1   | Reached skill level 11 in Stealth
 15739 | Lair:2   | Noticed a five-headed hydra
 15751 | Lair:2   | Killed a five-headed hydra
 16485 | Lair:2   | Was forgiven by Elyvilon
 16767 | Lair:2   | Found a staircase to the Shoals.
 17384 | Lair:3   | Noticed a four-headed hydra
 17399 | Lair:3   | Killed a four-headed hydra
 17714 | Lair:3   | Reached XP level 13. HP: 76/96 MP: 17/17
 17730 | Lair:3   | Was placed under penance by Elyvilon
 18276 | Lair:3   | Reached skill level 12 in Stealth
 20601 | Lair:4   | Was forgiven by Elyvilon
 20611 | Lair:4   | Noticed a six-headed hydra
 20623 | Lair:4   | Killed a six-headed hydra
 20732 | Lair:4   | Reached skill level 10 in Armour
 20984 | Lair:4   | Found a staircase to the Snake Pit.
 21297 | Lair:4   | Noticed a six-headed hydra
 21304 | Lair:4   | Killed a six-headed hydra
 22837 | Lair:5   | Reached XP level 14. HP: 80/106 MP: 16/19
 23081 | Lair:5   | Reached ***** piety under Elyvilon
 23773 | Lair:5   | Was placed under penance by Elyvilon
 24511 | D:10     | Entered Level 10 of the Dungeon
 26006 | D:10     | Noticed North's ghost (journeyman FoFi)
 26274 | D:10     | Killed North's ghost
 26680 | D:10     | Found a staircase to the Orcish Mines.
 26865 | D:10     | Got a spiked hat
 26878 | D:10     | Identified the +1 hat of Listlessness {rElec rF+ rC+} (You found it on level 10 of the Dungeon)
 27033 | Orc:1    | Entered Level 1 of the Orcish Mines
 27140 | D:10     | HP: 1/109 [orc knight/great mace (29)]
 27141 | D:10     | Killed from afar by a steam dragon

Skill      XL: |  1  2  3  4  5  6  7  8  9 10 11 12 13 14 |
---------------+-------------------------------------------+-----
Armour         | 1 2 3 4 5 6 8 10 | 10.5
Stealth        | 2 3 4 5 9 10 11 12 | 12.1
Fighting       | 3 4 5 6 7 8 9 |  9.7
Crossbows      | 5 6 10 11 | 11.0
Maces & Flails | 1 2 3 4 5 7 |  7.6
Invocations    | 1 2 4 5 7 |  7.3
Evocations     | 3 4 5 6 |  6.4
Dodging        | |  2.0

Action                   |  1- 3 |  4- 6 |  7- 9 | 10-12 | 13-15 || total
-------------------------+-------+-------+-------+-------+-------++-------
Melee: Short sword       |    99 |    88 |       |       |       ||   187
       Mace              |       |   120 |    63 |     7 |   129 ||   319
       Morningstar       |       |       |    46 |       |       ||    46
       Flail             |       |       |     1 |   390 |   400 ||   791
 Fire: Hand crossbow     |     4 |    59 |   285 |   277 |   310 ||   935
Invok: Divine Protection |       |       |     2 |     3 |     2 ||     7
       Lesser Healing    |       |       |       |     4 |       ||     4
       Purification      |       |       |       |     1 |       ||     1
       Greater Healing   |       |       |       |       |     1 ||     1
 Abil: Evoke Flight      |       |       |     1 |       |       ||     1
Evoke: Wand              |       |       |     4 |    11 |     8 ||    23
       Disc of storms    |       |       |       |       |     2 ||     2
  Use: Scroll            |       |     2 |    13 |    17 |     9 ||    41
       Potion            |       |       |     1 |    13 |    13 ||    27
 Stab: Sleeping          |     3 |     5 |     2 |       |     1 ||    11
       Invisible         |       |       |       |       |     3 ||     3
       Confused          |       |       |       |       |     2 ||     2
  Eat: Chunk             |     1 |     3 |     7 |     7 |    11 ||    29
       Royal jelly       |       |     1 |     2 |       |       ||     3
       Bread ration      |       |     1 |     1 |     3 |     2 ||     7
       Fruit             |       |       |     1 |    10 |     2 ||    13
       Beef jerky        |       |       |       |     2 |     5 ||     7
       Pizza             |       |       |       |     1 |       ||     1
Armor: Leather armour    |    32 |    21 |    29 |     5 |       ||    87
       Robe              |       |    54 |    36 |       |       ||    90
       Ring mail         |       |       |    35 |       |       ||    35
       Gold dragon scale |       |       |       |   148 |       ||   148
       Chain mail        |       |       |       |   287 |   486 ||   773
Dodge: Dodged            |    72 |   156 |   129 |   201 |   327 ||   885
